[Event "Titled Tuesday Blitz January 03 Late 2023"]
[White "Fernandez Hernandez, Gerardo"]
[Black "Derige Kane, Yan"]
[WhiteFideId "2207400"]
[BlackFideId "20665431"]
[WhiteElo "2181"]
[BlackElo "2204"]
[Result "0-1"]
[Round "05"]
[TimeControl "180+2"]
[Date "2023.01.03"]
[WhiteClock "0:00:01"]
[BlackClock "0:00:52"]

1. e4 c5 2. d3 e5 3. g3 d5 4. Nd2 Be6 5. Bg2 Nc6 6. Ngf3 f6 7. O-O Bd6 8. Nh4 Nge7 9. exd5 Nxd5 10. Nf5 Bf8 11. Ne3 Qd7 12. Nxd5 Bxd5 13. Bxd5 Qxd5 14. Qf3 Qxf3 15. Nxf3 O-O-O 16. Be3 Nd4 17. Bxd4 cxd4 18. Nd2 Be7 19. a4 Kb8 20. Nc4 Rc8 21. b3 Bb4 22. f4 Bc3 23. Rad1 exf4 24. gxf4 Rce8 25. Rf2 Kc7 26. Kf1 Re7 27. Re2 Rhe8 28. Rxe7+ Rxe7 29. Kf2 b6 30. Rg1 a6 31. Kf3 Kc6 32. Rg2 b5 33. axb5+ axb5 34. Na3 Re1 35. Re2 Ra1 36. Nxb5 Kxb5 37. Re7 Rg1 38. Kf2 Rg6 39. Rd7 Kb4 0-1


[Site "https://www.chess.com"]

[Event "Titled Tuesday Blitz January 03 Late 2023"]
[White "Sukandar, Irine Kharisma"]
[Black "Curtis, John"]
[WhiteFideId "7101937"]
[BlackFideId "3200256"]
[WhiteElo "2390"]
[BlackElo "2292"]
[Result "1-0"]
[Round "05"]
[TimeControl "180+2"]
[Date "2023.01.03"]
[WhiteClock "0:00:50"]
[BlackClock "0:00:01"]

1. d4 Nf6 2. Bf4 d6 3. Nc3 Nh5 4. Bg5 h6 5. Bh4 g5 6. e3 Nf6 7. Bg3 Bf5 8. Bd3 Bxd3 9. Qxd3 c6 10. h4 g4 11. O-O-O Nbd7 12. h5 b5 13. d5 b4 14. dxc6 bxc3 15. cxd7+ Nxd7 16. Qxc3 Rg8 17. Ne2 Bg7 18. Nd4 Rc8 19. Qa3 Qc7 20. c3 Nc5 21. Nf5 Bf8 22. Bf4 Ne4 23. Qa4+ Qc6 24. Qxc6+ Rxc6 25. Rhf1 e6 26. Nxh6 Bxh6 27. Bxh6 Rh8 28. Bf4 Rxh5 29. f3 gxf3 30. gxf3 e5 31. fxe4 exf4 32. exf4 Rh4 33. Rd4 Rh2 34. Rd2 Rh4 35. a3 Ke7 36. Kc2 Rc4 37. Kd3 Ra4 38. Ke3 f6 39. Rd4 Ra6 40. Rb4 Rh3+ 41. Rf3 Rxf3+ 42. Kxf3 1-0


[Site "https://www.chess.com"]

[Event "Titled Tuesday Blitz January 03 Late 2023"]
[White "Zomorrodian, Eilia"]
[Black "Calcada, Lucas Galvan"]
[WhiteFideId "12551805"]
[BlackFideId "22746099"]
[WhiteElo "2109"]
[BlackElo "1739"]
[Result "1-0"]
[Round "05"]
[TimeControl "180+2"]
[Date "2023.01.03"]
[WhiteClock "0:00:10"]
[BlackClock "0:00:13"]

1. Nf3 d5 2. c4 e6 3. e3 Nf6 4. a3 c6 5. b4 Be7 6. Bb2 O-O 7. cxd5 exd5 8. Be2 Bf5 9. O-O a5 10. b5 c5 11. d4 b6 12. Nc3 Nbd7 13. dxc5 Nxc5 14. Nd4 Bg6 15. Nc6 Qd7 16. Nxd5 Nxd5 17. Qxd5 Rfe8 18. Bf3 Qxd5 19. Bxd5 Bf8 20. Bd4 a4 21. Rfd1 Rac8 22. Ne5 Rcd8 23. Ba2 Ne6 24. Nc6 Nxd4 25. Nxd8 Rxd8 26. Rxd4 Rc8 27. Bd5 Bc5 28. Rdd1 Bc2 29. Rd2 Bf5 30. h3 g5 31. Bc6 Kg7 32. Bd7 Rc7 33. Bxf5 1-0


[Site "https://www.chess.com"]

[Event "Titled Tuesday Blitz January 03 Late 2023"]
[White "Tanenbaum, Zachary"]
[Black "Vega Gutierrez, Sabrina"]
[WhiteFideId "2060850"]
[BlackFideId "2219026"]
[WhiteElo "2261"]
[BlackElo "2377"]
[Result "1-0"]
[Round "05"]
[TimeControl "180+2"]
[Date "2023.01.03"]
[WhiteClock "0:00:38"]
[BlackClock "0:00:03"]

1. e4 c5 2. Nf3 Nc6 3. Nc3 Nf6 4. Bb5 Qc7 5. O-O Nd4 6. Re1 a6 7. Bf1 Ng4 8. g3 Nxf3+ 9. Qxf3 Ne5 10. Qd1 e6 11. d3 Be7 12. f4 Nc6 13. Bg2 O-O 14. Be3 b5 15. g4 b4 16. Ne2 Bb7 17. c3 a5 18. d4 bxc3 19. bxc3 cxd4 20. cxd4 d5 21. e5 Ba6 22. f5 Bh4 23. Rf1 Nb4 24. Rc1 Qb6 25. a3 Nc6 26. Rf3 h6 27. Nf4 Bg5 28. fxe6 Bxf4 29. exf7+ Rxf7 30. Rxf4 Rxf4 31. Bxf4 Nxd4 32. Bxd5+ Kh8 33. Be3 Rd8 34. Bxd4 Qg6 35. Qf3 Bd3 36. h3 Qg5 37. Re1 Qd2 38. Rd1 Qc2 39. Qxd3 Qxd3 40. Rxd3 Rxd5 41. e6 Kg8 42. Re3 1-0


[Site "https://www.chess.com"]

[Event "Titled Tuesday Blitz January 03 Late 2023"]
[White "Novikov, Evgenij"]
[Black "Pakleza, Zbigniew"]
[WhiteFideId "4125380"]
[BlackFideId "1119290"]
[WhiteElo "2276"]
[BlackElo "2494"]
[Result "0-1"]
[Round "05"]
[TimeControl "180+2"]
[Date "2023.01.03"]
[WhiteClock "0:00:03"]
[BlackClock "0:00:06"]

1. e4 d6 2. d4 Nf6 3. Nc3 c6 4. a4 Nbd7 5. g3 e5 6. Bg2 b6 7. Nge2 a6 8. O-O Be7 9. h3 Bb7 10. Be3 b5 11. axb5 axb5 12. Rxa8 Bxa8 13. d5 cxd5 14. Nxb5 d4 15. Bg5 O-O 16. c3 Qb6 17. c4 h6 18. Bxf6 Nxf6 19. Qc2 Rc8 20. Rc1 Bc6 21. Na3 Rb8 22. Rb1 Qb3 23. Qxb3 Rxb3 24. Nc1 Rb8 25. f3 Ra8 26. Nc2 Nd7 27. b4 Nb6 28. Bf1 Ba4 29. Nb3 Rc8 30. Na3 Bd7 31. Kf2 Be6 32. Na5 f5 33. exf5 Bxf5 34. Rc1 Na4 35. f4 Be6 36. Nb5 Bd7 37. Na3 Nc3 38. Ke1 g5 39. fxe5 dxe5 40. Bd3 e4 41. Rxc3 dxc3 42. Bxe4 Bxb4 43. Nc2 Bxa5 44. Ke2 Re8 45. Kd3 Bxh3 46. c5 Bf1+ 47. Kd4 Bb5 48. Ne3 Rd8+ 49. Ke5 Bc7+ 50. Kf6 Kf8 51. Nf5 Re8 52. Bd5 Be5+ 53. Kg6 Bd3 54. c6 c2 0-1


[Site "https://www.chess.com"]

[Event "Titled Tuesday Blitz January 03 Late 2023"]
[White "Kosteniuk, Alexandra"]
[Black "Dzierzak, Radoslaw"]
[WhiteFideId "4128125"]
[BlackFideId "1161407"]
[WhiteElo "2535"]
[BlackElo "2220"]
[Result "1-0"]
[Round "05"]
[TimeControl "180+2"]
[Date "2023.01.03"]
[WhiteClock "0:00:44"]
[BlackClock "0:00:01"]

1. Nf3 Nf6 2. g3 d5 3. Bg2 e6 4. d4 c5 5. O-O cxd4 6. Nxd4 e5 7. Nb3 Be6 8. c4 Nc6 9. cxd5 Bxd5 10. Nc3 Bxg2 11. Kxg2 a6 12. Bg5 Be7 13. Bxf6 Bxf6 14. Nc5 b6 15. N5e4 O-O 16. Nd5 Be7 17. e3 f5 18. Rc1 Rc8 19. Nxe7+ Qxe7 20. Qd5+ Kh8 21. Rxc6 Rxc6 22. Qxc6 fxe4 23. Qxe4 h5 24. Qg6 h4 25. Qh5+ Kg8 26. Qxh4 Qxh4 27. gxh4 Rc8 28. Kf3 Rc2 29. Rb1 Kf7 30. a3 a5 31. b4 a4 32. Rd1 Ra2 33. Rd3 Ke6 34. e4 g6 35. Rc3 Kd6 36. b5 Kd7 37. Kg3 Rb2 38. f3 Rxb5 39. Rc4 Ra5 40. Rb4 b5 41. Kg4 Kd6 42. Kg5 Kc5 43. Kxg6 Ra6+ 44. Kg5 Rd6 45. h5 Rd3 46. h6 Rxf3 47. h7 Rh3 48. Kg6 Rxh2 49. Rb2 Rh3 50. Rc2+ Kd4 51. Rb2 Kc4 52. Rc2+ Kb3 53. Rc5 Kxa3 54. Rxb5 Ka2 55. Rxe5 a3 56. Rh5 Rg3+ 57. Kh6 1-0


[Site "https://www.chess.com"]

[Event "Titled Tuesday Blitz January 03 Late 2023"]
[White "Ilkhomi, Jaloliddin"]
[Black "Kaplan, Avi Harrison"]
[WhiteFideId "14700948"]
[BlackFideId "30934559"]
[WhiteElo "1997"]
[BlackElo "2146"]
[Result "0-1"]
[Round "05"]
[TimeControl "180+2"]
[Date "2023.01.03"]
[WhiteClock "0:00:08"]
[BlackClock "0:00:08"]

1. d4 Nf6 2. Nf3 b5 3. g3 Bb7 4. Bg2 e6 5. b3 c5 6. e3 Qc7 7. Bb2 d6 8. O-O Nbd7 9. Nbd2 Be7 10. c4 b4 11. Rc1 O-O 12. Qc2 a5 13. Rfe1 Rfd8 14. e4 cxd4 15. Nxd4 Nc5 16. Nb5 Qb6 17. Rcd1 e5 18. Nf1 Bc6 19. Ne3 Ncxe4 20. Nf5 Bf8 21. Bxe4 Nxe4 22. Rxe4 Bxe4 23. Qxe4 Rac8 24. Qg4 g6 25. Nfxd6 f5 26. Nxf5 Rxd1+ 27. Qxd1 gxf5 28. Qd5+ Kg7 29. Qxe5+ Kg6 30. h4 h5 31. Qf4 Be7 32. Qe5 Bf6 33. Qe2 Bxb2 34. Qxb2 Qf6 35. Qc1 Re8 36. Qd2 Qa1+ 37. Kg2 Qf6 38. Qf4 Re1 39. Nd4 Re4 40. Qb8 Rxd4 41. Qg8+ Qg7 42. Qe8+ Kh6 43. Qc6+ Kh7 44. Qc5 Qd7 45. Kh2 Rd2 46. Kg1 Rd1+ 47. Kg2 Rd6 48. Kg1 Qc6 49. Qxf5+ Kg7 50. Qg5+ Kf7 51. Qxh5+ Ke7 52. Qe5+ Kd7 53. Qg7+ Kc8 54. Qg4+ Kb7 55. h5 Re6 56. Kh2 Re1 57. Qg7+ Ka6 58. Kh3 Rh1+ 59. Kg4 Qe4+ 60. f4 Qe2+ 61. Kf5 Qxh5+ 62. Qg5 Qxg5+ 63. Kxg5 Ra1 64. f5 Rxa2 65. f6 Rf2 66. Kg6 a4 67. bxa4 b3 68. g4 b2 69. g5 b1=Q+ 70. Kg7 Qb7+ 71. Kh6 Qf7 72. g6 Rxf6 73. Kg5 Qxg6+ 74. Kh4 Rf5 0-1


[Site "https://www.chess.com"]

[Event "Titled Tuesday Blitz January 03 Late 2023"]
[White "Fiorito, Francisco"]
[Black "Zakarian, David"]
[WhiteFideId "180165"]
[BlackFideId "13301276"]
[WhiteElo "2305"]
[BlackElo "2306"]
[Result "1-0"]
[Round "05"]
[TimeControl "180+2"]
[Date "2023.01.03"]
[WhiteClock "0:02:23"]
[BlackClock "0:01:42"]

1. e4 c5 2. d3 e6 3. g3 d5 4. Nd2 Nf6 5. Bg2 dxe4 6. dxe4 e5 7. Ngf3 Nc6 8. O-O Be6 9. c3 Be7 10. Qe2 h6 11. Nc4 Qc7 12. Nh4 O-O 13. Ne3 Rfd8 14. Nhf5 Bf8 15. Qf3 b5 16. Nxh6+ gxh6 17. Qxf6 Bg7 18. Qf3 c4 19. Nf5 Bxf5 20. exf5 Rd6 21. Be3 f6 22. Bc5 1-0


[Site "https://www.chess.com"]

[Event "Titled Tuesday Blitz January 03 Late 2023"]
[White "marik_spb"]
[Black "Martinez Ramirez, Lennis"]
[BlackFideId "3509079"]
[WhiteElo "2401"]
[BlackElo "2426"]
[Result "0-1"]
[Round "05"]
[TimeControl "180+2"]
[Date "2023.01.03"]
[WhiteClock "0:00:10"]
[BlackClock "0:00:37"]

1. d4 Nf6 2. c4 e6 3. g3 d5 4. Bg2 dxc4 5. Nf3 a6 6. O-O Nc6 7. e3 Rb8 8. Nfd2 e5 9. Bxc6+ bxc6 10. dxe5 Ng4 11. Nxc4 Be6 12. Nbd2 Bb4 13. b3 Bc3 14. Bb2 Bxb2 15. Nxb2 Nxe5 16. Rc1 Qxd2 17. Qxd2 Nf3+ 18. Kg2 Nxd2 19. Rfd1 Bd5+ 20. Kh3 Ne4 21. Rc2 f5 22. Nd3 Rf8 23. Nf4 Rd8 24. Nxd5 Rxd5 25. Rxd5 cxd5 26. Rxc7 Nxf2+ 27. Kg2 Ng4 28. Rxg7 Rf7 29. Rg8+ Kd7 30. Ra8 Rf6 31. Kf3 h5 32. h3 Ne5+ 33. Kf4 Nf7 34. Ra7+ Ke8 35. b4 Kf8 36. a4 Kg7 37. Rd7 Rb6 38. b5 axb5 39. axb5 Rxb5 40. Kxf5 d4+ 41. Kf4 dxe3 42. Kxe3 Kf6 43. Rd4 Ng5 44. Rf4+ Kg6 45. h4 Rb3+ 46. Ke2 Ne6 47. Re4 Kf5 48. Re3 Rb2+ 49. Kf3 Nd4# 0-1


[Site "https://www.chess.com"]

[Event "Titled Tuesday Blitz January 03 Late 2023"]
[White "Poliakova, Varvara"]
[Black "Zilleruelo Irizarry, Diego"]
[WhiteFideId "13518313"]
[BlackFideId "3101460"]
[WhiteElo "2010"]
[BlackElo "2135"]
[Result "1-0"]
[Round "05"]
[TimeControl "180+2"]
[Date "2023.01.03"]
[WhiteClock "0:00:50"]
[BlackClock "0:00:03"]

1. e4 c6 2. d4 d5 3. Nd2 dxe4 4. Nxe4 Bf5 5. Ng3 Bg6 6. h4 h6 7. Nh3 Nf6 8. Nf4 Bh7 9. c3 e6 10. Bd3 Bxd3 11. Qxd3 Nbd7 12. O-O Bd6 13. Ngh5 Nxh5 14. Nxh5 O-O 15. g3 Nf6 16. Qf3 Nxh5 17. Qxh5 Qf6 18. Kg2 Rac8 19. Be3 a6 20. a4 Rfe8 21. a5 e5 22. Rae1 e4 23. Bd2 c5 24. d5 c4 25. Re2 Re5 26. Qg4 Rce8 27. Rfe1 h5 28. Qd7 Qf3+ 29. Kg1 Bc5 30. Be3 R5e7 31. Qa4 Bd6 32. Qxc4 Bxg3 33. fxg3 Qxg3+ 34. Kf1 Re5 35. Rf2 Qxh4 36. d6 Qh3+ 37. Ke2 Rf5 38. Rxf5 Qxf5 39. Rf1 Qd7 40. Qc7 Qb5+ 41. Ke1 Rf8 42. Bd4 Qd3 43. Rg1 1-0


[Site "https://www.chess.com"]

[Event "Titled Tuesday Blitz January 03 Late 2023"]
[White "Guerra Rivera, Salvador"]
[Black "Liu, Casper"]
[WhiteFideId "32096542"]
[BlackFideId "1454153"]
[WhiteElo "2290"]
[BlackElo "2278"]
[Result "1-0"]
[Round "05"]
[TimeControl "180+2"]
[Date "2023.01.03"]
[WhiteClock "0:01:12"]
[BlackClock "0:00:21"]

1. Nf3 Nc6 2. e4 d6 3. d4 g6 4. c3 Bg7 5. Bd3 Nf6 6. O-O Bg4 7. h3 Bxf3 8. Qxf3 e5 9. Bb5 exd4 10. cxd4 O-O 11. Rd1 Nd7 12. Be3 f5 13. Nc3 f4 14. Bxc6 bxc6 15. Bc1 c5 16. Ne2 cxd4 17. Nxd4 Ne5 18. Qb3+ Rf7 19. Ne6 Qh4 20. Bxf4 Re8 21. Bg3 Qf6 22. Nxc7 Rf8 23. Ne6 Re8 24. Nxg7 Kxg7 25. Rac1 h5 26. f3 h4 27. Bxe5 Rxe5 28. Rc6 Rg5 29. Rdxd6 Qxf3 30. Qxf3 Rxf3 31. Rxg6+ Rxg6 32. Rxg6+ Kxg6 33. gxf3 Kg5 34. Kf2 Kf4 35. b4 a6 36. a4 1-0


[Site "https://www.chess.com"]

[Event "Titled Tuesday Blitz January 03 Late 2023"]
[White "Cruz Mendez, Jean Marco"]
[Black "Horcajuelo Rocamora, Martin"]
[WhiteFideId "3526402"]
[BlackFideId "24573027"]
[WhiteElo "2270"]
[BlackElo "2107"]
[Result "1-0"]
[Round "05"]
[TimeControl "180+2"]
[Date "2023.01.03"]
[WhiteClock "0:01:22"]
[BlackClock "0:00:11"]

1. e4 e5 2. Nf3 Nc6 3. Bc4 Nf6 4. d3 d6 5. c3 Be7 6. h3 h6 7. Bb3 Be6 8. Bc2 Qd7 9. Nbd2 g5 10. Qe2 O-O-O 11. b4 Nb8 12. Nb3 Bxb3 13. axb3 a6 14. c4 g4 15. hxg4 Qxg4 16. g3 Nc6 17. Bd2 Nd4 18. Nxd4 exd4 19. Qxg4+ Nxg4 20. Bd1 Ne5 21. Be2 Kd7 22. O-O-O c5 23. f4 Nc6 24. bxc5 dxc5 25. e5 Rdg8 26. g4 b5 27. Bf3 Nd8 28. Kc2 b4 29. Ra1 Rg6 30. f5 Rb6 31. Bf4 Kc8 32. Bd5 Rg8 33. Rag1 Bg5 34. Bxg5 hxg5 35. Rh7 Rf8 36. Rgh1 a5 37. Rh8 Rxh8 38. Rxh8 Kd7 39. Rg8 Ke7 40. Rxg5 Rh6 41. Rh5 Rxh5 42. gxh5 Kf8 43. h6 Kg8 44. e6 fxe6 45. fxe6 Nxe6 46. Bxe6+ Kh7 47. Bd7 Kxh6 48. Kd2 Kg5 49. Ke2 Kf4 50. Kf2 Ke5 51. Kf3 Kd6 52. Ba4 Ke5 53. Bb5 Kf5 54. Bd7+ Ke5 55. Kg4 Kd6 56. Ba4 Ke5 57. Kg5 Ke6 58. Kf4 Kf6 59. Bb5 Ke6 60. Ke4 Kd6 61. Kf5 Kc7 62. Ke5 Kb6 63. Kd6 a4 64. Bxa4 Ka6 65. Kxc5 Ka5 66. Kxd4 1-0


[Site "https://www.chess.com"]

[Event "Titled Tuesday Blitz January 03 Late 2023"]
[White "Jarocka, Liwia"]
[Black "Gurevich, Dmitry"]
[WhiteFideId "21807558"]
[BlackFideId "2000407"]
[WhiteElo "2225"]
[BlackElo "2393"]
[Result "0-1"]
[Round "05"]
[TimeControl "180+2"]
[Date "2023.01.03"]
[WhiteClock "0:00:08"]
[BlackClock "0:00:33"]

1. d4 Nf6 2. c4 a6 3. Nc3 c5 4. d5 b5 5. cxb5 axb5 6. Nxb5 Qa5+ 7. Nc3 Bb7 8. Bd2 Qb6 9. e4 e6 10. Bc4 Nxe4 11. Nf3 Nxd2 12. Qxd2 Ba6 13. Bxa6 Qxa6 14. O-O-O Be7 15. Kb1 O-O 16. a3 c4 17. Rhe1 Qb7 18. Ne5 Bxa3 19. Nxc4 Bb4 20. dxe6 dxe6 21. Nd6 Qa6 22. Qd3 Nc6 23. Qxa6 Rxa6 24. Ndb5 g6 25. Rd7 Rb6 26. Red1 Ne5 27. Rd8 Nc4 28. Rxf8+ Kxf8 29. Rd8+ Ke7 30. Rc8 Bxc3 31. Rxc4 Bxb2 32. Rc7+ Kf6 33. Kxb2 Rxb5+ 34. Kc2 Rd5 35. g3 g5 36. h3 h5 37. Rc8 g4 38. hxg4 hxg4 39. Rg8 Kf5 40. Kc3 f6 41. Kc2 e5 42. Rg7 Rd6 43. Rg8 Ke4 44. Rxg4+ Kf3 45. Rg6 Kxf2 46. g4 Ke3 47. g5 Rd2+ 48. Kc1 fxg5 49. Rxg5 Rd5 50. Rh5 Ke4 51. Kc2 Rd8 52. Rh4+ Kf3 53. Rh3+ Kg4 54. Re3 Kf4 55. Re1 e4 56. Rf1+ Ke3 57. Re1+ Kf3 58. Rf1+ Ke2 59. Rh1 Rc8+ 60. Kb3 e3 61. Rh2+ Kf3 62. Rh3+ Kf2 63. Rh2+ Kg3 64. Re2 Kf3 0-1


[Site "https://www.chess.com"]

[Event "Titled Tuesday Blitz January 03 Late 2023"]
[White "Prydun, Andriy"]
[Black "Winterberg, Lukas"]
[WhiteFideId "14145898"]
[BlackFideId "24622702"]
[WhiteElo "2134"]
[BlackElo "2402"]
[Result "0-1"]
[Round "05"]
[TimeControl "180+2"]
[Date "2023.01.03"]
[WhiteClock "0:00:01"]
[BlackClock "0:00:04"]

1. d4 g6 2. e4 c6 3. Ne2 Bg7 4. Ng3 h5 5. h3 d6 6. c3 h4 7. Ne2 b5 8. a4 a6 9. axb5 cxb5 10. Nd2 Bb7 11. Ng1 Nd7 12. Ngf3 Ngf6 13. Bd3 e6 14. Qe2 Nh5 15. Nf1 Qf6 16. Bg5 Nf4 17. Bxf6 Nxe2 18. Bxg7 Nf4 19. Bxh8 Nxd3+ 20. Ke2 Nxb2 21. d5 e5 22. Bg7 f6 23. Nxh4 Kf7 24. Bh6 Rh8 25. Bc1 Na4 26. Rxa4 bxa4 27. Nf3 Nc5 28. N3d2 a5 29. Ba3 Ba6+ 30. c4 Nb3 31. Ne3 Ke7 32. Nxb3 axb3 33. Kd3 Rb8 34. Rb1 a4 35. Kc3 Bc8 36. h4 f5 37. g3 Bd7 38. exf5 gxf5 39. c5 dxc5 40. Nc4 Kf6 41. f4 exf4 42. gxf4 Rg8 43. Bxc5 Rg3+ 44. Kb4 Rd3 45. Ne5 Rxd5 46. Kc4 Be6 47. Bd4 Ke7 48. Bc5+ Kf6 49. Kb4 a3 50. Kxb3 Rxc5+ 51. Kxa3 Rc3+ 52. Kb2 Rh3 53. Nc6 Rxh4 54. Rf1 Bd5 55. Nb4 Bg2 56. Rf2 Be4 57. Nc2 Bxc2 58. Kxc2 Rh3 59. Kd2 Kg6 60. Ke2 Kh5 61. Kf1 Kg4 62. Kg2 Rc3 63. Rf1 Rg3+ 64. Kh2 Rh3+ 65. Kg2 Rc3 66. Rf2 Rc1 67. Rd2 Kxf4 68. Rd8 Rc2+ 69. Kg1 Kf3 70. Rf8 Kg4 71. Rg8+ Kf4 72. Rf8 Rd2 73. Rg8 Kf3 74. Rf8 f4 75. Rf7 Rd1+ 76. Kh2 Ke3 77. Rf8 f3 78. Kg3 Rg1+ 79. Kh2 Rg7 80. Rf6 Ke2 81. Kh1 Rg5 82. Rf7 f2 0-1


[Site "https://www.chess.com"]

[Event "Titled Tuesday Blitz January 03 Late 2023"]
[White "Gonzalez, Francisco Silva"]
[Black "Suvorov, Luca"]
[WhiteFideId "1512285"]
[BlackFideId "12977071"]
[WhiteElo "2021"]
[BlackElo "2310"]
[Result "1-0"]
[Round "05"]
[TimeControl "180+2"]
[Date "2023.01.03"]
[WhiteClock "0:00:30"]
[BlackClock "0:00:01"]

1. d4 Nf6 2. c4 c5 3. d5 e5 4. Nc3 d6 5. e4 Be7 6. h3 O-O 7. Bd3 g6 8. g4 Ne8 9. Nf3 Ng7 10. Rg1 f6 11. Bh6 Rf7 12. h4 Bf8 13. Qd2 Bd7 14. O-O-O a6 15. Kb1 b5 16. cxb5 axb5 17. Nxb5 Qb6 18. Nc3 Na6 19. Bc4 Nb4 20. h5 g5 21. Bxg7 Rxg7 22. Ne1 Bc8 23. Nd3 Rga7 24. Nxb4 Qxb4 25. b3 Rb8 26. Qb2 Rab7 27. Ba6 Ra7 28. Bxc8 Rxc8 29. f3 Rca8 30. Na4 Be7 31. Rc1 Bd8 32. Rc4 Qb5 33. Rgc1 Ba5 34. Ka1 Bb4 35. Qc2 Ba3 36. Rb1 Bb4 37. Qd3 Rxa4 38. bxa4 Qxa4 39. Qb3 Qa6 40. Rbc1 Ra7 41. R1c2 Kg7 42. Rxb4 cxb4 43. Qxb4 Qf1+ 44. Kb2 Qa6 45. Rc6 Qe2+ 46. Rc2 Rxa2+ 47. Kxa2 Qxc2+ 48. Ka3 Qd3+ 49. Ka4 Qa6+ 50. Qa5 Qc4+ 51. Qb4 Qa6+ 52. Kb3 Qd3+ 53. Qc3 Qb5+ 54. Ka2 Qe2+ 55. Ka1 Qf1+ 56. Kb2 Qe2+ 57. Kc1 Qf1+ 58. Kd2 Qf2+ 59. Kd1 Qf1+ 60. Kc2 Qe2+ 61. Kb3 Qb5+ 62. Qb4 Qd3+ 63. Ka2 Qe2+ 64. Ka1 Qf1+ 65. Kb2 Qe2+ 66. Kc1 Qf1+ 67. Kd2 Qf2+ 68. Kc1 Qg1+ 69. Kb2 Qf2+ 70. Ka1 Qf1+ 71. Kb2 Qe2+ 72. Kc1 Qf1+ 73. Kc2 Qxf3 74. Qxd6 Qxe4+ 75. Kb3 Qf3+ 76. Kb2 Qe2+ 77. Kc3 Qe3+ 78. Kb4 Qd4+ 79. Kb5 Qb2+ 80. Kc6 Qc2+ 81. Kd7 Qa4+ 82. Ke6 Qe8+ 83. Kf5 Qf7 84. Qd8 e4 85. Kxe4 Kh6 86. Kf5 Kg7 87. Qd6 Qg8 88. Qxf6# 1-0


[Site "https://www.chess.com"]

[Event "Titled Tuesday Blitz January 03 Late 2023"]
[White "Kuegel, Tobias"]
[Black "Lacasa Diaz, Jose Antonio"]
[WhiteFideId "4636295"]
[BlackFideId "2203375"]
[WhiteElo "2332"]
[BlackElo "2359"]
[Result "1/2-1/2"]
[Round "05"]
[TimeControl "180+2"]
[Date "2023.01.03"]
[WhiteClock "0:00:05"]
[BlackClock "0:00:17"]

1. e4 c5 2. Nf3 g6 3. c4 Nc6 4. d4 cxd4 5. Nxd4 Nf6 6. Nc3 Nxd4 7. Qxd4 d6 8. Be2 Bg7 9. Be3 O-O 10. Qd2 a5 11. O-O a4 12. f3 Qa5 13. Rac1 Be6 14. Nd5 Bxd5 15. Qxa5 Rxa5 16. cxd5 Nd7 17. Rc7 Nc5 18. b4 axb3 19. axb3 Nxb3 20. Rxe7 Nd4 21. Re1 b5 22. Bf4 Nxe2+ 23. Rxe2 Bd4+ 24. Be3 Bxe3+ 25. Rxe3 Rb8 26. Rb3 b4 27. Rc7 Ra6 28. Rc6 Rxc6 29. dxc6 Rc8 30. Rxb4 Rxc6 31. Kf2 Kg7 32. Rb7 Kf6 33. Rd7 Ke6 34. Rd8 h5 35. h4 Rc2+ 36. Kg3 Rd2 37. Re8+ Kf6 38. Ra8 d5 39. Rd8 d4 40. Rd5 Ke6 41. Kh3 d3 42. g4 Rd1 43. gxh5 gxh5 44. Kg2 d2 45. Kf2 Rh1 46. Rxd2 Rxh4 47. Kg3 Rh1 48. Rd5 h4+ 49. Kf4 h3 50. Rh5 h2 51. Kg3 Rg1+ 52. Kxh2 Rg8 53. Rh3 Ke5 54. Rg3 Rh8+ 55. Kg2 Kf4 56. Rg4+ Ke3 57. Kg3 Rh1 58. Rh4 Rg1+ 59. Kh3 Rh1+ 60. Kg3 Rxh4 61. Kxh4 Kxf3 62. Kg5 Kxe4 63. Kf6 Kd5 64. Kxf7 1/2-1/2


[Site "https://www.chess.com"]

[Event "Titled Tuesday Blitz January 03 Late 2023"]
[White "Broca Jimenez, Fernando"]
[Black "Karas, Marek"]
[WhiteFideId "5104742"]
[BlackFideId "14928558"]
[WhiteElo "2075"]
[BlackElo "2227"]
[Result "0-1"]
[Round "05"]
[TimeControl "180+2"]
[Date "2023.01.03"]
[WhiteClock "0:00:04"]
[BlackClock "0:01:10"]

1. e4 g6 2. d4 Bg7 3. c4 Nc6 4. Nf3 d6 5. h3 e5 6. d5 Nce7 7. Nc3 f5 8. Bd3 Nf6 9. Bg5 O-O 10. Qc2 f4 11. b4 a5 12. b5 b6 13. a4 h6 14. Bxf6 Bxf6 15. Kd2 g5 16. Rag1 Kf7 17. g4 fxg3 18. Rxg3 Ng6 19. Kc1 Nf4 20. Ne2 Bd7 21. Nd2 Qe7 22. Nf1 Rg8 23. Ne3 Raf8 24. Ng4 h5 25. Nxf6 Qxf6 26. Rh2 Ke7 27. Qd2 Nxe2+ 28. Qxe2 Qf4+ 29. Kc2 g4 30. hxg4 Bxg4 31. Qe3 Qxe3 32. Rxe3 Rf4 33. Be2 Rgf8 34. Bxg4 hxg4 35. Kd3 Rxf2 36. Rh7+ R8f7 37. Rh4 Ra2 38. Rxg4 Ra3+ 39. Ke2 Rxa4 40. Reg3 Rxc4 41. Rg8 Rxe4+ 42. Kd3 Ref4 43. Ke3 Rf8 44. R3g7+ R4f7 45. Rxf8 Rxg7 46. Rc8 Kd7 47. Rf8 Rg3+ 48. Ke4 Rb3 49. Kf5 Rxb5 50. Rf7+ Kc8 51. Ke6 Kb7 52. Kd7 Rc5 53. Kd8 Rxd5 54. Rxc7+ Ka6 55. Rc8 Kb5 56. Kc7 Rc5+ 57. Kxd6 Rxc8 0-1


[Site "https://www.chess.com"]

[Event "Titled Tuesday Blitz January 03 Late 2023"]
[White "Zampronha, Wladimir Camilo"]
[Black "Ansh M Shah"]
[WhiteFideId "2103087"]
[BlackFideId "25033379"]
[WhiteElo "2176"]
[BlackElo "2171"]
[Result "0-1"]
[Round "05"]
[TimeControl "180+2"]
[Date "2023.01.03"]
[WhiteClock "0:00:01"]
[BlackClock "0:00:03"]

1. e4 c6 2. d4 d5 3. e5 Bf5 4. Nf3 e6 5. Be2 Nd7 6. O-O Ne7 7. Nh4 Bg6 8. Nd2 Nf5 9. Nxg6 hxg6 10. Nf3 Nh4 11. g3 Nf5 12. c4 dxc4 13. Bxc4 Nb6 14. Bb3 Be7 15. Qd3 Nd5 16. Bd2 g5 17. Rfd1 g4 18. Ne1 Bg5 19. Nc2 Qe7 20. a4 O-O-O 21. a5 a6 22. Bc4 Bxd2 23. Qxd2 Rh3 24. Bf1 Rh5 25. Be2 Rdh8 26. Bxg4 Rxh2 27. Bf3 R8h6 28. Bg2 Qf8 29. Qe2 Qh8 30. Qf3 Nfe7 31. Ne1 R2h5 32. Rac1 Rf5 33. Qa3 Kb8 34. Nf3 Rfh5 35. Kf1 Rh2 36. Qd3 R2h5 37. Rb1 Qe8 38. b4 Nc7 39. Qe4 Ned5 40. Qd3 Nb5 41. Rdc1 Rf5 42. Rc5 Qd7 43. Rd1 Rh8 44. Ng1 Rd8 45. Nf3 Rh5 46. Kg1 Rhh8 47. Kf1 Rh6 48. Kg1 f6 49. exf6 gxf6 50. Qe4 Rh5 51. Re1 Nbc7 52. Rcc1 Rf5 53. Rcd1 Rh5 54. Nh4 Rh6 55. Nf3 Rdh8 56. Nh4 Nxb4 57. Rb1 Nbd5 58. Nf3 Nc3 59. Qc2 Nxb1 60. Rxb1 Nd5 61. Qe2 Re8 62. Qxa6 Rh7 63. Qe2 e5 64. a6 exd4 0-1


[Site "https://www.chess.com"]

[Event "Titled Tuesday Blitz January 03 Late 2023"]
[White "Graif, William"]
[Black "Wang, Alexander J"]
[WhiteFideId "2609835"]
[BlackFideId "30955270"]
[WhiteElo "2304"]
[BlackElo "1815"]
[Result "1-0"]
[Round "05"]
[TimeControl "180+2"]
[Date "2023.01.03"]
[WhiteClock "0:00:07"]
[BlackClock "0:00:11"]

1. e4 c5 2. Nc3 d6 3. f4 Nc6 4. Nf3 g6 5. Bc4 Bg7 6. O-O e6 7. d4 cxd4 8. Nb5 Nge7 9. Bb3 O-O 10. Nbxd4 Nxd4 11. Nxd4 Nc6 12. Be3 Bd7 13. Qd2 Nxd4 14. Bxd4 Bc6 15. Bxg7 Kxg7 16. f5 exf5 17. exf5 Qf6 18. fxg6 Qxg6 19. Rf2 Rad8 20. Raf1 d5 21. Rf3 Kh8 22. Rg3 Qe4 23. Qg5 Qd4+ 24. Kh1 Rg8 25. Qf5 Rxg3 26. hxg3 Rf8 27. c3 Qg7 28. Qf6 Qxf6 29. Rxf6 Kg7 30. Rf2 Re8 31. Rd2 Re5 32. Kg1 Rg5 33. Kf2 Rf5+ 34. Ke3 Rg5 35. Kf4 Rg6 36. Bxd5 Bxd5 37. Rxd5 Rf6+ 38. Ke3 Rb6 39. b3 Rg6 40. Kf4 Rf6+ 41. Ke4 Rg6 42. Rd3 Re6+ 43. Kf3 Rf6+ 44. Ke2 Re6+ 45. Re3 Rc6 46. c4 b6 47. Kd3 a5 48. Kd4 Rd6+ 49. Kc3 Rc6 50. a3 b5 51. Re5 bxc4 52. bxc4 Ra6 53. c5 Kf6 54. Re3 Rc6 55. Kc4 Rc8 56. Kb5 Rb8+ 57. Kxa5 Rb2 58. Rc3 Ke7 59. c6 Kd8 60. a4 Kc8 61. c7 Rxg2 62. Ka6 Ra2 63. a5 Rf2 64. Kb6 Rf6+ 65. Kb5 Rf5+ 66. Rc5 Rxc5+ 67. Kxc5 Kxc7 68. Kd5 Kb7 69. Ke5 Ka6 70. Kf6 Kxa5 71. Kxf7 Kb5 72. Kg7 Kc6 73. Kxh7 Kd7 74. g4 Ke8 75. g5 Kf8 76. g6 1-0


[Site "https://www.chess.com"]